 Dungeon Crawl Stone Soup version 0.27.1-33-g824d729ab1 (webtiles) character file.

Game seed: 1091520483526098864

170 Labrat the Magician (level 5, -5/37 HPs)
             Began as a Gnoll Hedge Wizard on Dec 28, 2021.
             Slain by a bullfrog (8 damage)
             ... on level 3 of the Dungeon.
             The game lasted 00:14:30 (4710 turns).

Labrat the Magician (Gnoll Hedge Wizard)            Turns: 4710, Time: 00:14:30

Health: -5/37      AC:  3    Str: 10    XL:     5   Next: 50%
Magic:  0/14       EV: 13    Int: 14    God:
Gold:   140        SH:  0    Dex: 11    Spells: 12/18 levels left

rFire    . . .     SeeInvis .   a - +0 dagger
rCold    . . .     Faith    .   (no shield)
rNeg     . . .     Spirit   .   b - +0 robe
rPois    .         Reflect  .   c - +0 hat
rElec    .         Harm     .   f - +0 cloak
rCorr    .         Rampage  .   (no gloves)
Will     +....                  (no boots)
Stlth    ++........             (no amulet)
HPRegen  0.12/turn              p - ring of willpower
MPRegen  0.14/turn              (no ring)

@: no status effects
A: fangs 1, strong nose, distributed training
a: no special abilities


You were on level 3 of the Dungeon.
You visited 1 branch of the dungeon, and saw 4 of its levels.

You collected 140 gold pieces.

Inventory:

Hand Weapons
 a - a +0 dagger (weapon)
Missiles
 e - 15 javelins
Armour
 b - a +0 robe (worn)
 c - a +0 hat (worn)
 f - a +0 cloak (worn)
Jewellery
 p - a ring of willpower (left hand)
Scrolls
 d - a scroll of fog {unknown}
 i - a scroll of enchant armour {unknown}
 j - a scroll of teleportation {unknown}
 k - a scroll of acquirement {unknown}
 q - a scroll of fear {unknown}
 r - a scroll of immolation {unknown}
 u - a scroll of vulnerability {unknown}
 v - a scroll of holy word {unknown}
Potions
 g - a potion of heal wounds {unknown}
 h - a potion of lignification {unknown}
 l - a potion of mutation {unknown}
 m - a potion of attraction {unknown}
 n - a potion of haste {unknown}
 o - a potion of degeneration {unknown}
 s - a potion of resistance {unknown}
 t - a potion of flight {unknown}


   Skills:
 + Level 1.5 Fighting
 + Level 1.5 Short Blades
 + Level 1.5 Long Blades
 + Level 1.5 Axes
 + Level 1.5 Maces & Flails
 + Level 1.5 Polearms
 + Level 1.5 Staves
 + Level 1.5 Slings
 + Level 1.5 Bows
 + Level 1.5 Crossbows
 + Level 1.5 Throwing
 + Level 1.5 Armour
 + Level 4.8 Dodging
 + Level 4.4 Stealth
 + Level 1.5 Shields
 + Level 1.5 Unarmed Combat
 + Level 7.3 Spellcasting
 + Level 2.4 Conjurations
 + Level 1.2 Hexes
 + Level 2.4 Summonings
 + Level 1.2 Necromancy
 + Level 2.4 Translocations
 + Level 1.2 Transmutations
 + Level 1.2 Fire Magic
 + Level 1.2 Ice Magic
 + Level 1.2 Air Magic
 + Level 1.2 Earth Magic
 + Level 1.2 Poison Magic
 + Level 1.7 Invocations
 + Level 1.5 Evocations


You had 12 spell levels left.
You knew the following spells:

 Your Spells              Type           Power      Damage    Failure   Level
a - Magic Dart            Conj           44%        1d5       4%          1
b - Blink                 Tloc           N/A        N/A       8%          2
e - Mephitic Cloud        Conj/Pois/Air  9%         N/A       22%         3

Your spell library contained the following spells:

 Spells                   Type           Power      Damage    Failure   Level
 Call Imp                 Summ           11%        N/A       8%          2
 Beastly Appendage        Tmut           16%        N/A       9%          1
 Slow                     Hex            8%         N/A       13%         2
 Wereblood                Tmut           8%         N/A       13%         2
 Conjure Flame            Conj/Fire      10%        6-21      21%         3
 Confusing Touch          Hex            8%         N/A       26%         3
 Spider Form              Tmut/Pois      4%         N/A       26%         3
 Vampiric Draining        Necr           4%         2d6       26%         3


Dungeon Overview and Level Annotations

Branches:
Dungeon (4/15)
 Temple: D:4-7

Altars:
Nemelex Xobeh


Innate Abilities, Weirdness & Mutations

You have very sharp teeth.
Your uncanny sense of smell can sniff out nearby items.
Your experience applies equally to all skills.


Message History

Things that are here:
a +0 dagger; a +0 flail
There is an open door here.
You close the door.
A gnoll opens the door.
You see here a +0 dagger.
The bullfrog croaks.
There is an open door here.
Things that are here:
a +0 chain mail; 3 boomerangs; a +0 flail The bullfrog hits you.
* * * LOW HITPOINT WARNING * * *
Unknown command.
The bullfrog swells and bulges.
You see here a +0 flail.
Casting: Blink (safe; 8% risk of failure)
Confirm with . or Enter, or press ? or * to list all spells.
You blink.
The bullfrog swells and bulges.
Casting: Blink (safe; 8% risk of failure)
Confirm with . or Enter, or press ? or * to list all spells.
The spell is quite dangerous to cast (22% risk of failure)!
Continue anyway?
Aiming: Mephitic Cloud (quite dangerous; 22% risk of failure)
Press: ? - help, Shift-Dir - straight line, p - gnoll The ball explodes into a vile cloud!
The stinking cloud engulfs the bullfrog but does no damage.
Unknown command.
The bullfrog closely misses you. The bullfrog closely misses you.
The bullfrog completely misses you. The bullfrog hits you.
* * * LOW HITPOINT WARNING * * *
The bullfrog hits you.
* * * LOW HITPOINT WARNING * * *
The bullfrog hits you.
* * * LOW HITPOINT WARNING * * *
Casting: Mephitic Cloud (quite dangerous; 22% risk of failure)
Confirm with . or Enter, or press ? or * to list all spells.
You blink.
The bullfrog hits you!
You die...

##.......# #.#
#..#####.# #.# #..#
#.#######.### #..#
#...g.......# # #..#
#.#####.....###
#..#####g# #........
#.......ยง##
#g....### ##....F...#
#.....# #.##@###.#
###)### #.##.# #.#
#.# #.##.###.# ##[##
#.##.....# ##...##
#.######.# ##.....##
#.###.##.###.......##
#.##...#.##....>..).#
#.........'.........'
####...#.##.........#


You could see a bullfrog and a gnoll.

Vanquished Creatures
  An iguana (D:3)
  4 gnolls (D:3)
  An adder skeleton (D:4)
  A worm (D:2)
  3 dart slugs
  5 orcs (D:3)
  9 endoplasms
  2 giant cockroaches (D:3)
  8 goblins
  8 hobgoblins
  9 jackals (D:2)
  2 kobolds
  4 quokkas
  8 ball pythons
  6 bats
  3 frilled lizards
  4 rats (D:1)
78 creatures vanquished.

Notes
Turn   | Place    | Note
-------+----------+-------------------------------------------
     0 | D:1      | Labrat the Gnoll Hedge Wizard began the quest for the Orb.
     0 | D:1      | Reached XP level 1. HP: 13/13 MP: 8/8
   223 | D:1      | Reached XP level 2. HP: 19/19 MP: 6/10
   925 | D:1      | Reached XP level 3. HP: 25/25 MP: 7/11
  1142 | D:1      | Learned a level 2 spell: Blink
  1188 | D:2      | Found a sparkling altar of Nemelex Xobeh.
  1525 | D:2      | Found a faded altar of an unknown god.
  1547 | D:2      | Reached skill level 1 in Invocations
  1894 | D:2      | Reached skill level 1 in Fighting
  1894 | D:2      | Reached skill level 1 in Short Blades
  1894 | D:2      | Reached skill level 1 in Long Blades
  1894 | D:2      | Reached skill level 1 in Axes
  1894 | D:2      | Reached skill level 1 in Maces & Flails
  1894 | D:2      | Reached skill level 1 in Polearms
  1894 | D:2      | Reached skill level 1 in Staves
  1894 | D:2      | Reached skill level 1 in Slings
  1894 | D:2      | Reached skill level 1 in Bows
  1894 | D:2      | Reached skill level 1 in Crossbows
  1894 | D:2      | Reached skill level 1 in Throwing
  1894 | D:2      | Reached skill level 1 in Armour
  1894 | D:2      | Reached skill level 1 in Shields
  1894 | D:2      | Reached skill level 1 in Unarmed Combat
  1894 | D:2      | Reached skill level 1 in Evocations
  2255 | D:2      | Reached XP level 4. HP: 32/32 MP: 8/13
  3103 | D:3      | Reached skill level 1 in Hexes
  3103 | D:3      | Reached skill level 1 in Necromancy
  3103 | D:3      | Reached skill level 1 in Transmutations
  3103 | D:3      | Reached skill level 1 in Fire Magic
  3103 | D:3      | Reached skill level 1 in Ice Magic
  3103 | D:3      | Reached skill level 1 in Air Magic
  3103 | D:3      | Reached skill level 1 in Earth Magic
  3103 | D:3      | Reached skill level 1 in Poison Magic
  3147 | D:2      | Learned a level 3 spell: Mephitic Cloud
  3769 | D:3      | Reached XP level 5. HP: 37/37 MP: 12/14
  4143 | D:4      | Noticed an ogre
  4710 | D:3      | Slain by a bullfrog

Illustrated notes

Levels and vault maps discovered:
D:1:      heliophobic_arrival_battle_scene, layout_basic, serial_forest,
          infiniplex_forest_corner_2, infiniplex_forest_zigzag_2,
          infiniplex_forest_straight_3, infiniplex_forest_zigzag_2,
          infiniplex_forest_clump_double, infiniplex_forest_clump_long,
          infiniplex_forest_lined_ring, infiniplex_forest_diagonal,
          infiniplex_forest_straight_3
D:2:      layout_basic, serial_forest, infiniplex_forest_corner_1,
          infiniplex_forest_end_double, infiniplex_forest_clump_tiny,
          infiniplex_forest_straight_2,
          hellmonk_ecumenical_altar_pennies_from_heaven, basic_altar
D:3:      layout_loops_corners
D:4:      layout_gridville, mainiacjoe_overflow_24_doors,
          minmay_temple_entry_crystal_x

Skill      XL: |  1  2  3  4 |
---------------+-------------+-----
Conjurations   | 2 |  2.4
Summonings     | 2 |  2.4
Translocations | 2 |  2.4
Invocations    | 1 |  1.7
Fighting       | 1 |  1.5
Short Blades   | 1 |  1.5
Long Blades    | 1 |  1.5
Axes           | 1 |  1.5
Maces & Flails | 1 |  1.5
Polearms       | 1 |  1.5
Staves         | 1 |  1.5
Slings         | 1 |  1.5
Bows           | 1 |  1.5
Crossbows      | 1 |  1.5
Throwing       | 1 |  1.5
Armour         | 1 |  1.5
Shields        | 1 |  1.5
Unarmed Combat | 1 |  1.5
Evocations     | 1 |  1.5
Hexes          | 1 |  1.2
Necromancy     | 1 |  1.2
Transmutations | 1 |  1.2
Fire Magic     | 1 |  1.2
Ice Magic      | 1 |  1.2
Air Magic      | 1 |  1.2
Earth Magic    | 1 |  1.2
Poison Magic   | 1 |  1.2
Dodging        | |  4.8
Stealth        | |  4.4
Spellcasting   | |  7.3

Action                   |  1- 3 |  4- 6 || total
-------------------------+-------+-------++-------
Melee: Dagger            |    50 |    33 ||    83
       Bite              |     1 |     3 ||     4
       Punch             |       |     2 ||     2
Throw: Dart              |       |     4 ||     4
       Javelin           |       |     2 ||     2
 Cast: Magic Dart        |   103 |   109 ||   212
       Mephitic Cloud    |       |     8 ||     8
       Blink             |       |    11 ||    11
 Stab: Sleeping          |     3 |     2 ||     5
       Confused          |       |     3 ||     3
Armor: Robe              |    16 |     8 ||    24
Dodge: Dodged            |    48 |    51 ||    99
